details: 'treehide vs very slow methodical orc'

« prev index next »

General information

Mini Map

Players

team 1
Random» NightElfbrucewillisusa (yellow | 3 APM | 245 actions | 72:11)

» actions
Basic commands19
Build / train1
Enter build submenu2
Enter hero's abilities submenu2
Right click66
Select / deselect139
Use ability16
245 total
» units
Wisp1
1 total
» buildings
Tree of Life1
1 total
» build order
01:30 Tree of Life
team 2
OrcBloodbath1 (purple | 16 APM | 870 actions | 54:36)
Hero icon 5 Blademaster
Ability icon 2 Wind Walk
Ability icon 3 Critical Strike

» actions
Basic commands10
Build / train86
Enter build submenu22
Enter hero's abilities submenu5
Give item / drop item18
Right click300
Select / deselect372
Use ability57
870 total
» units
Peon16
Grunt5
Wind Rider12
Kodo Beast1
Raider1
Tauren1
Shaman1
37 total
» upgrades
Pillage1
Armor3
Envenomed Spears1
Ranged Weapons3
Troll Regeneration1
Berserker Strength1
Melee Weapons3
Backpack1
Reinforced Defenses1
Liquid Fire1
Ensnare1
Berserker Upgrade1
Burning Oil1
War Drums Damage Increase1
Spiked Barricades3
Shaman Training2
Pulverize1
Witch Doctor Training2
Spirit Walker Training2
30 total
» buildings
Altar of Storms1
Orc Burrow8
Barracks1
Voodoo Lounge1
War Mill1
Stronghold1
Fortress1
Beastiary2
Great Hall5
Spirit Lodge1
Tauren Totem1
23 total
» build order
00:09 Altar of Storms
00:18 Orc Burrow
00:28 Barracks
01:56 Orc Burrow
02:55 Voodoo Lounge
03:05 War Mill
03:52 Stronghold
06:29 Fortress
08:21 Beastiary
08:31 Orc Burrow
09:36 Orc Burrow
09:50 Beastiary
10:41 Orc Burrow
12:20 Orc Burrow
13:40 Orc Burrow
14:52 Orc Burrow
19:31 Great Hall
23:46 Great Hall
28:49 Spirit Lodge
28:57 Tauren Totem
37:46 Great Hall
37:54 Great Hall
45:43 Great Hall
» items
Healing Salve9
Orb of Lightning1
Potion of Healing1
11 total

Chat log


(03:07 / All) brucewillisusa: haha
(03:10 / All) brucewillisusa: you see my base?
(03:12 / All) brucewillisusa: u like?
(03:18 / All) brucewillisusa: i will tie hack u
(03:21 / All) brucewillisusa: never worry for win
(03:23 / All) brucewillisusa: u cannot
(03:25 / All) brucewillisusa: only tiehack

(06:50 / All) brucewillisusa: are you child?
(07:03 / All) brucewillisusa: you have left my base
(07:10 / All) brucewillisusa: how shall you win like that
(07:29 / All) brucewillisusa: you will never win
(07:33 / All) brucewillisusa: i have tiehack
(07:35 / All) brucewillisusa: only tie no win
(08:26 / All) brucewillisusa: come and view my base
(08:32 / All) brucewillisusa: see what i have doing
(08:59 / All) brucewillisusa: no win
(09:02 / All) brucewillisusa: no win for you
(09:12 / All) brucewillisusa: gaga
(09:21 / All) brucewillisusa: gagagagagaga
(09:27 / All) brucewillisusa: where did go?

(11:30 / All) brucewillisusa: good bye, i must leave

(20:42 / All) brucewillisusa: gaga
(20:45 / All) brucewillisusa: why are you stil here?
(20:48 / All) brucewillisusa: still fighting?
(20:55 / All) brucewillisusa: or have you gone to selep?

(39:45 / All) brucewillisusa: i am ready, hero
(39:48 / All) brucewillisusa: come take your bride

(41:34 / All) brucewillisusa: Activating Blasrus TieHack v0.2